 Dungeon Crawl Stone Soup version 0.29-a0-557-g43b9904bd1 (webtiles) character file.

Game seed: 1428460453612123902

38 ptdevnull the Grave Robber (level 3, -1/31 HPs)
             Began as an Ogre Necromancer on June 8, 2022.
             Slain by an adder (3 damage)
             ... on level 2 of the Dungeon.
             The game lasted 00:04:26 (1214 turns).

ptdevnull the Grave Robber (Ogre Necromancer)       Turns: 1214, Time: 00:04:26

Health: -1/31      AC:  3    Str: 10    XL:     3   Next: 43%
Magic:  1/7        EV:  9    Int: 18    God:
Gold:   53         SH:  0    Dex:  9    Spells: 7/8 levels left

rFire   . . .      SeeInvis .   a - +0 whip
rCold   . . .      Faith    .   (no shield)
rNeg    . . .      Spirit   .   j - +0 robe
rPois   .          Reflect  .   (helmet restricted)
rElec   .          Harm     .   (no cloak)
rCorr   .          Rampage  .   (gloves unavailable)
Will    .....                   (boots unavailable)
Stlth   +.........              (no amulet)
HPRegen 0.10/turn               i - +4 ring of slaying
MPRegen 0.10/turn               (no ring)

@: lethally poisoned (-1 -> -3)
A: large, unfitting armour, tough skin 1, sense surroundings 1, weak 1
a: no special abilities


You were on level 2 of the Dungeon.
You visited 1 branch of the dungeon, and saw 2 of its levels.

You collected 53 gold pieces.

Inventory:

Hand Weapons
 a - a +0 whip (weapon)
Armour
 j - a +0 robe (worn)
Jewellery
 i - a +4 ring of slaying (left hand)
Scrolls
 d - 2 scrolls of identify {unknown}
 e - 2 scrolls of fear {unknown}
 f - a scroll of teleportation {unknown}
 h - a scroll of poison {unknown}
Potions
 b - a potion of magic
 g - a potion of invisibility {unknown}
 k - a potion of curing {unknown}


   Skills:
 - Level 1.7 Dodging
 - Level 1.4 Stealth
 + Level 3.4 Spellcasting
 + Level 4.2 Necromancy


You had 7 spell levels left.
You knew the following spells:

 Your Spells              Type           Power      Damage    Failure   Level
a - Necrotize             Necr           72%        1d7       2%          1

Your spell library contained the following spells:

 Spells                   Type           Power      Damage    Failure   Level
 Vampiric Draining        Necr           18%        2d7       9%          3
 Animate Dead             Necr           18%        N/A       28%         4
 Agony                    Necr           18%        N/A       61%         5


Dungeon Overview and Level Annotations

Branches:
Dungeon (2/15)

Altars:


Innate Abilities, Weirdness & Mutations

You are too large for most types of armour.
You have tough skin. (AC +1)
You passively map a small area around you.
You are weak. (Str -2)


Message History

You miscast Necrotize.
You are very lightly contaminated with residual magic.
Nothing appears to happen.
You feel sick. The adder bites you.
The adder barely resists.
You feel sick. The adder bites you.
The adder writhes in agony.
You feel sick. The adder bites you but does no damage.
The adder closely misses you.
The adder writhes in agony.
You feel sick. The adder bites you.
You are too injured to fight recklessly!
Aiming: Necrotize (safe; 2% risk of failure)
Press: ? - help, Q - select action Shift-Dir - straight line, f/p - adder
Aim: an adder (heavily wounded, chance to affect: 83%)
The adder writhes in agony.
You feel sick.
You are no longer poisoned.
The adder barely misses you.
You hit the adder.
The adder is almost dead.
The adder barely misses you. The adder bites you.
You barely miss the adder.
The adder is almost dead.
The adder bites you.
* * * LOW HITPOINT WARNING * * *
Your magical contamination has completely faded away.
You barely miss the adder.
The adder is almost dead.
The adder bites you.
* * * LOW HITPOINT WARNING * * *
You are poisoned.
The adder poisons you! The adder barely misses you.
You closely miss the adder.
The adder is almost dead.
* * * LOW HITPOINT WARNING * * *
You feel sick. The adder bites you.
* * * LOW HITPOINT WARNING * * *
It was a potion of mutation.
You feel extremely strange.
You feel a strange attunement to the structure of the dungeons.
You feel weaker.
* * * LOW HITPOINT WARNING * * *
You feel sick. The adder bites you.
You die...

, ,...... * *
#.... * ,
###.#.#, ,
##...#.# ,
#......# #......#
#......#,
#..@...# *
##S###.# #.
#.############ #.
##.............
#.
#......#######.
#.*#............#
#.
#.............,
#. #......#......
*#......#.####.


You could see an adder.

Vanquished Creatures
  An adder (D:2)
  A dart slug (D:1)
  An endoplasm (D:1)
  2 goblins (D:1)
  2 hobgoblins (D:1)
  4 kobolds (D:1)
  4 quokkas (D:1)
  A ball python (D:1)
  A bat (D:1)
  A frilled lizard (D:1)
  4 rats (D:1)
22 creatures vanquished.

Vanquished Creatures (collateral kills)
  An endoplasm (D:1)
  A giant cockroach (D:1)
  A bat (D:1)
3 creatures vanquished.

Grand Total: 25 creatures vanquished

Notes
Turn   | Place    | Note
-------+----------+-------------------------------------------
     0 | D:1      | ptdevnull the Ogre Necromancer began the quest for the Orb.
     0 | D:1      | Reached XP level 1. HP: 16/16 MP: 3/3
   117 | D:1      | Reached XP level 2. HP: 24/24 MP: 2/5
   552 | D:1      | Reached skill level 4 in Necromancy
   686 | D:1      | Reached XP level 3. HP: 31/31 MP: 5/7
  1007 | D:1      | Found a faded altar of an unknown god.
  1214 | D:2      | Gained mutation: You passively map a small area around you.
                  | [potion of mutation]
  1214 | D:2      | Gained mutation: You are weak. (Str -2) [potion of
                  | mutation]
  1214 | D:2      | Slain by an adder

Illustrated notes

Levels and vault maps discovered:
D:1:      dpeg_arrival_rooms_with_view, layout_loops_ring,
          dilly_ecumenical_altar_fadedgnrine
D:2:      layout_basic, minmay_stone_trees_medium, bh_walls_and_bars

Skill      XL: |  1  2 |
---------------+-------+-----
Spellcasting   | 3 |  3.4
Necromancy     | 4 |  4.2
Dodging        | |  1.7
Stealth        | |  1.4

Action                   || total
-------------------------++-------
Melee: Unarmed           ||     5
       Whip              ||     4
 Cast: Necrotize         ||    57
  Use: Potion            ||     1
Armor: Robe              ||    10
Dodge: Dodged            ||    13

Table legend: (Time is in decaauts)
 A = Elapsed time spent in this place.
 B = Non-inter-level travel time spent in this place.
 C = Inter-level travel time spent in this place.
 D = Time resting spent in this place.
 E = Time spent auto-exploring this place.
 F = Levels seen in this place.
 G = Mean time per level.
                   A        B        C        D        E       F      G
               +--------+--------+--------+--------+--------+-----+--------+
         Total |   1213 |   1198 |     15 |    107 |    932 |   2 |  606.5 |
       Dungeon |   1213 |   1198 |     15 |    107 |    932 |   2 |  606.5 |
               +--------+--------+--------+--------+--------+-----+--------+

Top non-repeatable levels by time:
     D:1: 1116 daAuts
     D:2: 97 daAuts
